 Dungeon Crawl Stone Soup version 0.22.1-2-g9c5b331 (webtiles) character file.

236 Fang the Skirmisher (level 6, -11/39 HPs)
             Began as a Gargoyle Berserker on Nov 13, 2018.
             Was a Priest of Trog.
             Mangled by a large abomination (14 damage)
             ... on level 1 of the Abyss.
             The game lasted 00:02:38 (2756 turns).

Fang the Skirmisher (Gargoyle Berserker)            Turns: 2756, Time: 00:02:38

Health: -11/39     AC:  6    Str: 26    XL:     6   Next: 6%
Magic:  6/6        EV: 12    Int:  8    God:    Trog [***...]
Gold:   201        SH:  0    Dex:  9    Spells: 5/5 levels left

rFire    . . .     SeeInvis .   a - +0 hand axe
rCold    . . .     Gourm    .   (no shield)
rNeg     + . .     Faith    .   b - +0 animal skin
rPois    ∞         Spirit   .   (no helmet)
rElec    +         Reflect  .   i - scarf {repulsion}
rCorr    .         Harm     .   (no gloves)
MR       .....                  (no boots)
Stlth    +.........             (no amulet)
HPRegen  0.13/turn              l - +4 ring of strength
MPRegen  0.10/turn              (no ring)

@: berserk cooldown, slowed, repel missiles, very slow
A: negative energy resistance 1, electricity resistance, unbreathing,
petrification resistance, rot immunity, AC +4
a: Berserk, Trog's Hand, Renounce Religion


You were on level 1 of the Abyss.
You worshipped Trog.
Trog was most pleased with you.
You were very hungry.

You visited 1 branch of the dungeon, and saw 3 of its levels.
You visited the Abyss 1 time.

You collected 201 gold pieces.

Inventory:

Hand Weapons
 a - a +0 hand axe (weapon)
Armour
 b - a +0 animal skin (worn)
 i - a scarf of repulsion (worn)
Jewellery
 l - a +4 ring of strength (left hand)
 t - an uncursed amulet of faith {unknown}
Wands
 j - a wand of random effects (13)
 r - a wand of enslavement (17)
Scrolls
 e - 4 scrolls of identify {unknown}
 f - a scroll of remove curse {unknown}
 m - a scroll of noise {unknown}
 o - a scroll of fog {unknown}
 q - a scroll of teleportation {unknown}
 u - a scroll of enchant weapon {unknown}
Potions
 d - 2 potions of ambrosia {unknown}
 g - 3 potions of heal wounds {unknown}
 h - a potion of mutation {unknown}
 k - a potion of might
 n - 3 potions of cancellation {unknown}
 p - a potion of curing {unknown}
 v - 2 potions of haste {unknown}
Comestibles
 c - 8 rations


   Skills:
 + Level 4.6 Fighting
 + Level 4.4 Axes
 + Level 2.4 Armour
 + Level 2.6 Dodging
 + Level 1.1 Stealth


You had 5 spell levels left.
You didn't know any spells.
Your spell library was empty.

Dungeon Overview and Level Annotations

Branches:
Dungeon (3/15)

Altars:

Annotations:
D:3 Crazy Yiuf


Innate Abilities, Weirdness & Mutations

You are resistant to torment.
Your stone body is resilient. (AC +4)
You are immune to poison.
You resist negative energy. (rN+)
You are resistant to electric shocks. (rElec)
You can survive without breathing.
You are immune to petrification.
You are immune to rotting.


Message History

A large abomination appears in a shower of sparks.
A large abomination is nearby!
A large abomination is nearby!
There is a corrupted altar of Lugonu here.
You hit the large abomination but do no damage.
The large abomination hits you!!
Ouch! That really hurt!
The large abomination hits you but does no damage.
You hit the large abomination but do no damage.
The large abomination hits you!
* * * LOW HITPOINT WARNING * * *
You slash the large abomination!
The large abomination is lightly damaged.
The large abomination hits you.
* * * LOW HITPOINT WARNING * * *
You're still recovering from your berserk rage.
You hit the large abomination but do no damage.
The large abomination is lightly damaged.
The large abomination hits you!
You die...

...
#.. ..
#.#
####..
#....#
#...#
#.X.#
##@##
#.#
##.#
.# #.
#. #.
.# .


You could see a large abomination.

Vanquished Creatures
  Jessica (D:2)
  Natasha (thrice) (D:3)
  An orc wizard (D:3)
  3 adders
  A worm (D:3)
  2 dart slugs
  2 leopard geckos (D:2)
  3 orcs (D:3)
  13 bats
  3 giant cockroaches
  7 hobgoblins
  10 jackals
  2 quokkas (D:3)
  2 ball pythons (D:2)
  4 frilled lizards
  5 goblins
  5 kobolds
  7 rats
74 creatures vanquished.

Notes
Turn   | Place    | Note
-------+----------+-------------------------------------------
     0 | D:1      | Fang the Gargoyle Berserker began the quest for the Orb.
     0 | D:1      | Reached XP level 1. HP: 14/14 MP: 1/1
   119 | D:1      | Reached XP level 2. HP: 19/19 MP: 2/2
   482 | D:1      | Reached XP level 3. HP: 19/24 MP: 3/3
   655 | D:2      | Noticed Jessica
   664 | D:2      | Killed Jessica
   664 | D:2      | Reached ** piety under Trog
   664 | D:2      | Reached XP level 4. HP: 15/29 MP: 4/4
  1758 | D:3      | Noticed Natasha
  1765 | D:3      | Killed Natasha
  1765 | D:3      | Reached XP level 5. HP: 19/34 MP: 5/5
  1864 | D:3      | Reached *** piety under Trog
  2190 | D:3      | Noticed Natasha
  2198 | D:3      | Killed Natasha
  2274 | D:3      | Reached skill level 1 in Stealth
  2335 | D:3      | Found a runed door.
  2370 | D:3      | Noticed Natasha
  2380 | D:3      | Killed Natasha
  2380 | D:3      | Reached XP level 6. HP: 22/39 MP: 6/6
  2727 | D:3      | Noticed Crazy Yiuf
  2729 | D:3      | Cast into level 1 of the Abyss (Crazy Yiuf)
  2729 | Abyss:1  | Found a corrupted altar of Lugonu.
  2748 | Abyss:1  | Noticed a large abomination
  2756 | Abyss:1  | Mangled by a large abomination

Skill      XL: |  1  2  3  4  5 |
---------------+----------------+-----
Axes           | 3 4 |  4.4
Fighting       | 4 |  4.6
Dodging        | 2 |  2.6
Stealth        | 1 |  1.1
Armour         | |  2.4

Action                   |  1- 3 |  4- 6 || total
-------------------------+-------+-------++-------
Melee: Hand axe          |    78 |   155 ||   233
Invok: Berserk           |       |     3 ||     3
  Eat: Chunk             |       |     8 ||     8
Armor: Animal skin       |    33 |    65 ||    98
Dodge: Dodged            |    65 |   111 ||   176
